 Dungeon Crawl Stone Soup version 0.30.0-19-g36f170ea60 (webtiles) character file.

Game seed: 4545486172267545204

101199 nacho123456 the Severer (level 16, -33/155 HPs)
             Began as a Hill Orc Fighter on May 27, 2023.
             Was an Initiate of Gozag.
             Annihilated by an ironbound frostheart (37 damage)
             ... on level 1 of the Vaults on May 29, 2023.
             The game lasted 01:21:43 (22318 turns).

nacho123456 the Severer (Hill Orc Fighter)         Turns: 22318, Time: 01:21:47

Health: -33/155    AC: 42    Str: 39    XL:     16   Next: 29%
Magic:  16/16      EV: 10    Int:  8    God:    Gozag
Gold:   3668       SH:  9    Dex: 10    Spells: 15/15 levels left

rFire   x . .        t - +8 war axe (venom)
rCold   x x .        P - +2 buckler {AC+3}
rNeg    . . .        W - +2 plate armour {rF+}
rPois   +            v - +2 helmet
rElec   .            A - +2 cloak
rCorr   .            D - +3 pair of gauntlets of War {Slay+5}
SInv    .            (no boots)
Will    +....        E - amulet of Elemental Vulnerability {rPois rF-- rC-- AC+8} Stlth
                     H - +6 ring of strength
HPRegen 0.45/turn    J - +6 ring of strength
MPRegen 0.15/turn

%: no passive effects
@: marked, gold aura
A: no striking features
a: Renounce Religion, Potion Petition, Call Merchant, Bribe Branch


You were on level 1 of the Vaults.
You worshipped Gozag.
Gozag was most pleased with you.
You visited 4 branches of the dungeon, and saw 19 of its levels.

You collected 6047 gold pieces.
You spent 2243 gold pieces at shops.
You paid 136 gold pieces to Gozag.

Inventory:

Hand Weapons
 t - a +8 war axe of venom (weapon)
Armour
 v - a +2 helmet (worn)
 A - a +2 cloak (worn)
 D - the +3 pair of gauntlets of War (worn) {Slay+5}
   (You bought it in a shop on level 6 of the Dungeon)

   Slay:      It affects your accuracy & damage with ranged weapons and melee
   (+5).
 P - a +2 buckler of protection (worn)
 V - a scarf of resistance
 W - a +2 plate armour of fire resistance (worn)
Jewellery
 a - an amulet of reflection
 c - a ring of ice
 i - an amulet of the acrobat
 o - an amulet of regeneration
 E - the amulet of Elemental Vulnerability (around neck) {rPois rF-- rC-- AC+8}
   (You found it on level 6 of the Dungeon)

   [amulet of nothing]

   AC:        It affects your AC (+8).
   rF:        It makes you very vulnerable to fire.
   rC:        It makes you very vulnerable to cold.
   rPois:     It protects you from poison.
 H - a +6 ring of strength (left hand)
 J - a +6 ring of strength (right hand)
 Q - a ring of ice
Wands
 q - a wand of acid (15)
 u - a wand of digging (5)
 w - a wand of charming (12)
 z - a wand of roots (8)
 R - a wand of flame (18)
 S - a wand of polymorph (5)
Scrolls
 b - a scroll of torment
 f - 3 scrolls of blinking
 j - 13 scrolls of teleportation
 n - 2 scrolls of amnesia
 p - a scroll of silence
 r - 4 scrolls of immolation
 x - 4 scrolls of vulnerability
 y - 3 scrolls of magic mapping
 B - 5 scrolls of fog
 F - 3 scrolls of fear
 K - 9 scrolls of identify
 N - 3 scrolls of poison
Potions
 d - 2 potions of heal wounds
 e - 2 potions of magic {unknown}
 g - 5 potions of flight
 h - 11 potions of curing
 k - a potion of degeneration
 l - 2 potions of mutation {unknown}
 m - 3 potions of brilliance
 s - 5 potions of ambrosia
 C - 4 potions of lignification
 G - 2 potions of cancellation
 I - a potion of invisibility
 M - a potion of might
 T - 2 potions of attraction {unknown}
 U - a potion of resistance {unknown}
Miscellaneous
 O - a lightning rod (4/4)


   Skills:
 + Level 17.5 Fighting
 - Level 19.7 Axes
 + Level 16.2 Armour
 + Level 4.9 Dodging
 + Level 4.0 Stealth
 + Level 12.6 Shields


You had 15 spell levels left.
You didn't know any spells.
Your spell library contained the following spells:

 Spells                   Type           Power      Damage    Failure   Level
 Foxfire                  Conj/Fire      0%         2x1d4     86%         1
 Freeze                   Ice            0%         1d3       86%         1
 Magic Dart               Conj           0%         1d3       86%         1
 Cigotuvi's Dreadful Rot  Necr/Pois/Air  0%         N/A       94%         2
 Lesser Beckoning         Tloc           0%         N/A       94%         2
 Searing Ray              Conj           0%         2d4       94%         2
 Frozen Ramparts          Ice            0%         1d1       99%         3
 Gell's Gravitas          Tloc           0%         N/A       99%         3
 Hailstorm                Conj/Ice       0%         3d3       99%         3
 Ignite Poison            Fire/Tmut/Pois 0%         N/A       99%         3
 Ozocubu's Armour         Ice            0%         N/A       99%         3
 Teleport Other           Tloc           0%         N/A       99%         3
 Volatile Blastmotes      Fire/Tloc      0%         2d10      99%         3
 Fulminant Prism          Conj/Hex       0%         3d5       100%        4
 Iskenderun's Mystic Bla  Conj/Tloc      0%         2d3       100%        4
 Fireball                 Conj/Fire      0%         3d3       100%        5
 Freezing Cloud           Conj/Ice/Air   0%         6-21      100%        5
 Lee's Rapid Deconstruct  Erth           0%         3d4*      100%        5
 Plasma Beam              Fire/Air       0%         2x1d11    100%        6
 Starburst                Conj/Fire      0%         6d3       100%        6
 Ozocubu's Refrigeration  Ice            0%         4d7       100%        7


Dungeon Overview and Level Annotations

Branches:
Dungeon (15/15)            Temple (1/1) D:7            Lair (0/5) D:8
    Orc (2/2) D:10            Elf (0/3) Orc:2        Vaults (1/5) D:13
 Depths (0/4) D:15

Altars:
Ashenzari
Cheibriados
Dithmenos
Elyvilon
Fedhas
Gozag
Hepliaklqana
Kikubaaqudgha
Makhleb
Nemelex Xobeh
Okawaru
Qazlal
Ru
Sif Muna
Trog
Uskayaw
Vehumet
Wu Jian
Xom
Yredelemnul
Zin
The Shining One

Shops:
D:3 =   D:4 :?   D:5 :!![   D:6 :=*   D:8 *   D:11 :   Orc:2 ?(*=   Vaults:1 ?

Portals:
Pandemonium: Orc:2
Trove: D:13 (give +3 shadow dragon scales)

Annotations:
D:15 2 runed translucent doors, exclusion: obsidian statue


Message History

The ironbound preserver hits you with a +0 great mace.
* * * LOW HITPOINT WARNING * * *
The orc warlord hits you but does no damage.
You feel better.
You kill the ironbound convoker!
The vault sentinel shoots a bolt.
The bolt barely misses you.
The vault sentinel points at you and mumbles some strange words.
The mark upon you grows brighter. You block the vault warden's attack.
You block the orc warlord's attack.
You block the ironbound preserver's attack.
The ironbound convoker shouts!
You feel much better.
The ironbound convoker is no longer distracted by gold.
The vault sentinel points at you and mumbles some strange words.
The mark upon you grows brighter.
The vault sentinel is distracted by your dazzling golden aura.
The vault warden hits you but does no damage.
The orc warlord hits you with a +0 great sword.
The ironbound preserver completely misses you.
The vault sentinel shouts!
You feel much better.
The vault sentinel is distracted by your dazzling golden aura.
The vault warden hits you but does no damage.
You writhe in agony.
The ironbound frostheart touches you!! The ironbound frostheart freezes you!!!
You feel a terrible chill!
* * * LOW HITPOINT WARNING * * *
The orc warlord barely misses you.
The ironbound convoker points at the vault sentinel and mumbles some strange words.
The vault sentinel seems to grow stronger.
The ironbound preserver hits you with a +0 great mace!
* * * LOW HITPOINT WARNING * * *
The orc warlord attacks as you move away!
The orc warlord closely misses you.
The vault sentinel is no longer distracted by gold.
The vault sentinel is distracted by your dazzling golden aura.
The ironbound frostheart touches you!
* * * LOW HITPOINT WARNING * * *
The ironbound frostheart freezes you!!!
You feel a terrible chill!
You die...
Your body crumbles into a pile of gold.

#....#........+......#..'.
#....#.......)########..##
#....#........).........#
#....#.................)#
#...)#..................#
#...$+[.................#
######$$................#
#.$................#
#.$p@..............## #
#p$............(...#. +.
#pppo..............#.
#p.#..p...............#.
#..p.......########...#.
####.......#...[..#...'.
#.......#......#...#.
#.......#......#...#.
#.......#......'...#.


You could see an orc warlord, an ironbound preserver (strong, extremely
poisoned), a vault warden, 2 ironbound frosthearts, 2 vault sentinels and an
ironbound convoker.

Vanquished Creatures
  Saint Roka (Vaults:1)
  Jorgrun (D:12)
  2 vault wardens (Vaults:1)
  The ghost of Ychiqi the Eclecticist, a journeyman DsIE of Gozag (Orc:1)
  2 ironbound preservers (Vaults:1)
  A deep elf annihilator (Vaults:1)
  3 dire elephants (Vaults:1)
  An ettin (Orc:2)
  Fannar (D:12)
  An entropy weaver (Vaults:1)
  4 great orbs of eyes (Vaults:1)
  A rakshasa (D:13)
  5 yaktaur captains
  3 demonspawn (Orc:2)
  13 two-headed ogres
  2 vault guards (Vaults:1)
  4 ironbound frosthearts (Vaults:1)
  5 boulder beetles
  An ogre mage (D:15)
  4 centaur warriors
  5 tengu warriors
  A dancing weapon (Orc:1)
  6 orc high priests (Orc:2)
  A soul eater (Orc:2)
  2 wizards
  7 lindwurms (Vaults:1)
  2 spriggan simulacra (D:15)
  9 orc knights
  2 deep elf pyromancers
  7 ironbound convokers (Vaults:1)
  A necromancer (D:15)
  12 orc sorcerers
  5 cyclopes
  6 ugly things
  3 manticores
  A salamander (shapeshifter) (D:13)
  2 rust devils (Orc:2)
  3 gargoyles
  4 vault sentinels (Vaults:1)
  3 orange demons
  An unseen horror (shapeshifter) (Vaults:1)
  A naga mage (D:15)
  2 centaur skeletons (D:15)
  A komodo dragon (D:12)
  16 yaktaurs
  An anaconda simulacrum (D:15)
  2 guardian mummies (D:13)
  5 tengu conjurers
  2 unseen horrors (D:13)
  3 red devils (D:12)
  An ice devil (Orc:2)
  12 trolls
  A queen bee (D:10)
  A harpy zombie (D:15)
  4 slime creatures (D:15)
  A dire elephant simulacrum (D:15)
  A vampire (D:12)
  2 shadows
  Eustachio (D:4)
  3 wyverns
  11 yaks
  A wraith (D:14)
  5 basilisks
  A steam dragon (D:10)
  A chaos spawn (Orc:2)
  7 vampire mosquitoes
  A redback (Vaults:1)
  2 acid dragons
  16 wargs
  2 water moccasins
  3 hell hounds (D:9)
  34 orc warriors
  A swamp drake (D:8)
  3 black bears
  3 ogres
  5 boggarts (Vaults:1)
  A centaur (D:11)
  4 kobold brigands
  Blork the orc (D:4)
  3 bullfrogs
  3 deep troll simulacra (D:15)
  8 gnoll sergeants (D:9)
  2 scorpions
  A lindwurm simulacrum (D:15)
  26 killer bees (D:10)
  4 howler monkeys
  13 gnoll boudas
  Crazy Yiuf (D:4)
  3 hounds
  37 orc priests
  4 jellies
  3 iron imps (D:5)
  Ijyb (D:3)
  4 iguanas
  A sleepcap (D:5)
  23 orc wizards
  2 centaur simulacra
  Robin (D:3)
  19 gnolls
  4 adders
  4 white imps
  2 ufetubi
  A worm (D:2)
  A dart slug (D:1)
  71 orcs
  5 endoplasms
  4 giant cockroaches
  13 goblins
  9 hobgoblins
  2 jackals (D:3)
  4 quokkas
  4 bats
  2 frilled lizards (D:3)
  9 kobolds
  2 rats
597 creatures vanquished.

Vanquished Creatures (others)
  A wizard (Vaults:1)
  An orc (Vaults:1)
2 creatures vanquished.

Grand Total: 599 creatures vanquished

Notes
Turn   | Place    | Note
-------+----------+-------------------------------------------
     0 | D:1      | nacho123456 the Hill Orc Fighter began the quest for the
                  | Orb.
     0 | D:1      | Reached XP level 1. HP: 19/19 MP: 1/1
   123 | D:1      | Reached XP level 2. HP: 27/27 MP: 2/2
   984 | D:2      | Reached skill level 3 in Axes
   984 | D:2      | Reached XP level 3. HP: 29/33 MP: 3/3
  1369 | D:2      | Found a faded altar of an unknown god.
  1818 | D:3      | Noticed Robin
  1827 | D:3      | Reached skill level 4 in Axes
  1827 | D:3      | Reached XP level 4. HP: 22/40 MP: 4/4
  1829 | D:3      | Killed Robin
  1836 | D:3      | Reached skill level 5 in Axes
  2071 | D:3      | Found Idics's Jewellery Shoppe.
  2151 | D:3      | Reached XP level 5. HP: 46/46 MP: 5/5
  2233 | D:3      | Noticed Ijyb
  2253 | D:3      | Killed Ijyb
  2573 | D:4      | Noticed a water moccasin
  2590 | D:4      | Killed a water moccasin
  2591 | D:4      | Reached skill level 6 in Axes
  2591 | D:4      | Reached XP level 6. HP: 29/55 MP: 6/6
  2707 | D:4      | Reached skill level 1 in Dodging
  2831 | D:4      | Noticed Eustachio
  2851 | D:4      | Killed Eustachio
  2852 | D:4      | Reached skill level 5 in Fighting
  2852 | D:4      | Reached XP level 7. HP: 7/61 MP: 7/7
  3117 | D:4      | Noticed Blork the orc
  3120 | D:4      | Killed Blork the orc
  3121 | D:4      | Reached skill level 5 in Armour
  3222 | D:4      | Found a runed translucent door.
  3223 | D:4      | Noticed Crazy Yiuf
  3233 | D:4      | Killed Crazy Yiuf
  3234 | D:4      | Reached skill level 7 in Axes
  3519 | D:4      | Found Wizuph's Magic Scroll Emporium.
  3679 | D:4      | Bought a scroll of enchant armour for 97 gold pieces
  3679 | D:4      | Bought a scroll of brand weapon for 123 gold pieces
  3931 | D:4      | Found Yfexes's Book Emporium.
  4045 | D:5      | Entered Level 5 of the Dungeon
  4205 | D:5      | Reached XP level 8. HP: 70/70 MP: 8/8
  4231 | D:5      | Found a burning altar of Makhleb.
  4371 | D:5      | Found Nywnegg's Antique Armour Shoppe.
  4387 | D:5      | Found Vyeshr Qepo's Distillery.
  4390 | D:5      | Found Woxteego's Distillery.
  4402 | D:5      | Reached skill level 8 in Axes
  4468 | D:5      | Found Boumayt's Book Emporium.
  4954 | D:6      | Found Zuxu Sog's Assorted Antiques.
  4967 | D:6      | Found the amulet of Elemental Vulnerability {rPois rF--
                  | rC-- AC+8}
  5089 | D:6      | Reached skill level 9 in Axes
  5112 | D:6      | Found Ewkeeziont's Jewellery Emporium.
  5269 | D:6      | Noticed a two-headed ogre
  5280 | D:6      | Killed a two-headed ogre
  5281 | D:6      | Reached skill level 10 in Axes
  5281 | D:6      | Reached skill level 5 in Shields
  5281 | D:6      | Reached XP level 9. HP: 45/79 MP: 9/9
  5711 | D:6      | Found Eqawetse's Book Shop.
  5946 | D:7      | Reached skill level 11 in Axes
  6015 | D:7      | Found a staircase to the Ecumenical Temple.
  6035 | Temple   | Entered the Ecumenical Temple
  7057 | D:8      | Found Ivviloa's General Store.
  7097 | D:8      | Reached XP level 10. HP: 68/88 MP: 10/10
  7154 | D:8      | Identified the +1 leather armour of Kaizaz {Will++ Int-4}
  7296 | D:8      | Reached skill level 12 in Axes
  7296 | D:8      | Reached skill level 1 in Stealth
  7356 | D:8      | Found a staircase to the Lair.
  7565 | D:8      | Found an ornate altar of the Wu Jian Council.
  7566 | D:8      | Found a shimmering blue altar of Sif Muna.
  7713 | Temple   | Became a worshipper of Gozag Ym Sagoz the Greedy
  7828 | D:9      | Noticed a two-headed ogre
  7836 | D:9      | Killed a two-headed ogre
  7986 | D:9      | Reached skill level 13 in Axes
  8368 | D:9      | Reached XP level 11. HP: 50/97 MP: 11/11
  8376 | D:9      | Reached skill level 14 in Axes
  8698 | D:9      | Noticed a deep elf pyromancer
  8708 | D:9      | Killed a deep elf pyromancer
  8728 | D:9      | Noticed a two-headed ogre
  8750 | D:9      | Killed a two-headed ogre
  9049 | D:9      | Reached skill level 10 in Fighting
  9152 | D:9      | Noticed a cyclops
  9163 | D:9      | Killed a cyclops
  9164 | D:9      | Reached skill level 15 in Axes
  9283 | D:9      | Noticed a two-headed ogre
  9292 | D:9      | Killed a two-headed ogre
  9750 | D:9      | Noticed a two-headed ogre
  9760 | D:9      | Killed a two-headed ogre
  9865 | D:9      | Found a glowing golden altar of the Shining One.
 10079 | D:9      | Noticed a two-headed ogre
 10094 | D:9      | Killed a two-headed ogre
 10306 | D:10     | Entered Level 10 of the Dungeon
 10432 | D:10     | Found a broken altar of Ashenzari.
 10459 | D:10     | Found a snail-covered altar of Cheibriados.
 10459 | D:10     | Found an iron altar of Okawaru.
 10459 | D:10     | Found an ancient bone altar of Kikubaaqudgha.
 10473 | D:10     | Found a hide-covered altar of Uskayaw.
 10478 | D:10     | Found a shimmering altar of Xom.
 10546 | D:10     | Reached skill level 16 in Axes
 10546 | D:10     | Reached XP level 12. HP: 94/108 MP: 12/12
 10655 | D:10     | Found a staircase to the Orcish Mines.
 10699 | D:10     | Found a stormy altar of Qazlal.
 10780 | D:10     | Found a sacrificial altar of Ru.
 10990 | D:10     | Reached skill level 10 in Armour
 11021 | D:10     | Noticed a two-headed ogre
 11029 | D:10     | Killed a two-headed ogre
 12626 | D:6      | Bought the +3 pair of gauntlets of War {Slay+5} for 1330
                  | gold pieces
 12626 | D:6      | Found the +3 pair of gauntlets of War {Slay+5}
 12893 | Orc:1    | Entered Level 1 of the Orcish Mines
 13270 | Orc:1    | You fall into a shaft and drop 1 floor!
 13270 | Orc:2    | Entered Level 2 of the Orcish Mines
 13273 | Orc:2    | Noticed an orc high priest
 13279 | Orc:2    | Noticed a soul eater
 13281 | Orc:2    | Killed an orc high priest
 13414 | Orc:2    | Noticed an ettin
 13672 | Orc:1    | Found a runed translucent door.
 13674 | Orc:1    | Found a shimmering altar of Xom.
 13674 | Orc:1    | Noticed Ychiqi's ghost (journeyman DsIE)
 13688 | Orc:1    | Killed Ychiqi's ghost
 14069 | Orc:2    | Found a staircase to the Elven Halls.
 14266 | Orc:2    | Reached skill level 17 in Axes
 14302 | Orc:2    | Found Yvikk's Magic Scroll Shop.
 14319 | Orc:2    | Reached XP level 13. HP: 69/117 MP: 13/13
 14321 | Orc:2    | Found Alapt's General Store.
 14695 | Orc:2    | Reached skill level 18 in Axes
 15084 | Orc:2    | Bought a potion of might for 48 gold pieces
 15084 | Orc:2    | Bought a potion of heal wounds for 60 gold pieces
 15086 | Orc:2    | Bought a scroll of enchant weapon for 90 gold pieces
 15086 | Orc:2    | Bought a scroll of enchant armour for 90 gold pieces
 15086 | Orc:2    | Bought a scroll of identify for 24 gold pieces
 15086 | Orc:2    | Bought a scroll of identify for 24 gold pieces
 15086 | Orc:2    | Bought a scroll of identify for 24 gold pieces
 15088 | Orc:2    | Bought a +1 buckler of protection for 198 gold pieces
 15327 | Orc:2    | Found Ukeoki's Jewellery Emporium.
 15327 | Orc:2    | Found Quappuom's Antique Weapon Shoppe.
 15328 | Orc:2    | Found a one-way gate leading to the halls of Pandemonium.
 15461 | Orc:2    | Killed an ettin
 16101 | D:11     | Reached XP level 14. HP: 129/129 MP: 14/14
 16196 | D:11     | Found Eqyehos's Book Emporium.
 16392 | D:12     | Noticed Fannar
 16403 | D:12     | Killed Fannar
 16719 | D:12     | Noticed Jorgrun
 16728 | D:12     | Killed Jorgrun
 17114 | D:13     | Reached skill level 19 in Axes
 17138 | D:13     | Found a portal to a secret trove of treasure.
 17322 | D:13     | Reached skill level 10 in Shields
 17499 | D:13     | You fall into a shaft and drop 2 floors!
 17499 | D:15     | Entered Level 15 of the Dungeon
 17507 | D:15     | Found a runed translucent door.
 17523 | D:15     | Found a runed translucent door.
 17664 | D:15     | Found a runed translucent door.
 17671 | D:15     | Found a runed translucent door.
 17953 | D:15     | Found a staircase to the Depths.
 18127 | D:15     | Found a frozen archway.
 18746 | D:14     | Reached skill level 15 in Fighting
 18791 | D:14     | Reached XP level 15. HP: 141/141 MP: 15/15
 19794 | D:13     | Identified a scroll of acquirement
 19821 | D:13     | Acquired a scarf of resistance
 19938 | D:13     | Found a gate to the Vaults.
 19942 | Vaults:1 | Entered Level 1 of the Vaults
 20188 | Vaults:1 | Noticed a vault warden
 20195 | Vaults:1 | Killed a vault warden
 20196 | Vaults:1 | Reached skill level 15 in Armour
 20420 | Vaults:1 | Found Rusouleb's Magic Scroll Shop.
 20435 | Vaults:1 | Bought a scroll of enchant weapon for 135 gold pieces
 21697 | Vaults:1 | Reached XP level 16. HP: 116/154 MP: 16/16
 21827 | Vaults:1 | Noticed Saint Roka
 21844 | Vaults:1 | Paralysed by an orc sorcerer for 4 turns
 21860 | Vaults:1 | Killed Saint Roka
 22318 | Vaults:1 | HP: 4/155 [ironbound frostheart (10)]
 22318 | Vaults:1 | Annihilated by an ironbound frostheart

Illustrated notes

Levels and vault maps discovered:
D:1:      dpeg_arrival_rooms_with_view, layout_basic
D:2:      layout_loops_corners, dreamdust_ecumenical_altar_statues,
          ebering_dispersal_statue_hall, kennysheep_generic_room_9
D:3:      layout_loops_cross, serial_shops, shop, uniq_ijyb, uniq_robin
D:4:      layout_basic, serial_shops, nicolae_shop_back_alley_shop, shop,
          eino_small_chamber_without_monster, uniq_crazy_yiuf_cottage,
          uniq_eustachio, uniq_blork_the_orc
D:5:      layout_rooms, demons_altar, serial_shops, nicolae_shop_statue_plus,
          shop, shop, shop, minmay_hedge_maze
D:6:      layout_basic, serial_shops, nicolae_diamond_shop,
          nicolae_book_shop_shelving, kennysheep_mini, roderic_serpentine_path
D:7:      minmay_general_purpose_star, layout_cave_pools,
          minmay_temple_entry_proselytizer, columned_hall_lemuel
D:8:      layout_rooms, gammafunk_temple_overflow_statue, erik_lair_dragon,
          serial_shops, nicolae_shop_waterfront
D:9:      lemuel_castle_with_subvaults [lemuel_castle_interior_original],
          layout_stronghold, tso_metal_star, kennysheep_small_spiral,
          minmay_strange_pillars
D:10:     layout_basic, mainiacjoe_overflow_alcove_4,
          nicolae_qazlal_eye_of_the_storm, minmay_overflow_temple_hex,
          minivault_7
D:11:     layout_roguey, serial_shops, nicolae_shop_window_shopping
D:12:     layout_loops_cross, minmay_beelzebubs_servants, uniq_jorgrun,
          uniq_fannar
D:13:     layout_loops_cross, david_vaults_2, nicolae_trove_entry_path_of_doom
D:14:     layout_stronghold, serial_bayou_pond_c
D:15:     grunt_enter_depths_magical_seal, layout_irregular_city,
          portal_ice_cave_entry_ice_simulacra, minmay_statue_crystal_thing
Temple:   hellmonk_temple_flake
Orc:1:    layout_diamond_mine, ebering_ghost_xom, lightli_orcish_oven
Orc:2:    pf_orc_diabolical, layout_caves
Vaults:1: hangedman_vaults_stitches, vaults_mumra_minichess,
          nicolae_vaults_sealed_display, v_misc_8,
          nicolae_vaults_doubleplus_tesselated, ontoclasm_vaults_misaligned,
          ontoclasm_vaults_twist, nicolae_vaults_double_plus_2,
          vaults_room_grunt_arrival_ludios, ontoclasm_vaults_decontamination,
          vaults_room_door_hall, nicolae_vaults_tetromino_T_2,
          nicolae_vaults_tetromino_T_1, nicolae_vaults_thirteen_compartments,
          layout_vaults_omnicross, serial_shops, shop, uniq_saint_roka

Skill      XL: |  1  2  3  4  5  6  7  8  9 10 11 12 13 14 15 16 |
---------------+-------------------------------------------------+-----
Fighting       | 4 5 7 9 10 11 13 15 16 17 | 17.5
Axes           | 3 4 5 6 7 10 11 13 16 17 18 19 | 19.7
Armour         | 4 5 7 8 9 11 12 14 15 16 | 16.2
Dodging        | 1 2 3 4 |  4.9
Shields        | 4 5 6 8 9 10 12 | 12.6
Stealth        | 2 3 4 |  4.0

Action                     |  1- 3 |  4- 6 |  7- 9 | 10-12 | 13-15 | 16-18 || total
---------------------------+-------+-------+-------+-------+-------+-------++-------
  Melee: War axe           |    77 |    78 |   275 |   476 |   535 |    81 ||  1522
         Unarmed           |       |       |       |       |     1 |       ||     1
    Use: Potion            |       |     4 |     1 |       |     1 |     3 ||     9
         Scroll            |       |       |    23 |     9 |     7 |       ||    39
   Stab: Distracted        |       |       |       |     4 |     1 |       ||     5
 Armour: Scale mail        |    41 |    88 |   120 |   129 |       |       ||   378
         Plate armour      |       |       |       |   104 |   346 |    54 ||   504
  Dodge: Dodged            |    35 |    93 |   115 |   169 |   201 |    29 ||   642
  Block: Buckler           |    24 |    33 |    54 |   112 |   179 |    29 ||   431
